 Dungeon Crawl Stone Soup version 0.31.0-4-g52a2dc7128 (webtiles) character file.

Game seed: 8267909021575998996

95 Aviaq the Apothecary (level 4, 0/21 HPs)
             Began as a Spriggan Alchemist on Jan 21, 2024.
             Slain by a crocodile zombie (9 damage)
             ... in an ossuary.
             The game lasted 00:09:00 (1524 turns).

Aviaq the Apothecary (Spriggan Alchemist)           Turns: 1524, Time: 00:09:01

Health: 0/21       AC:  3    Str:  3 (6)  XL:     4   Next: 39%
Magic:  3/10       EV: 17    Int: 13 (16) God:
Gold:   121        SH:  0    Dex: 12 (15) Spells: 1/9 levels left

rFire   . . .        h - +4 short sword
rCold   . . .        (no shield)
rNeg    . . .        a - +1 robe
rPois   .            (helmet restricted)
rElec   .            (no cloak)
rCorr   .            (gloves unavailable)
SInv    +            (boots unavailable)
Will    .....        d - amulet of regeneration
Stlth   ++           (no ring)
HPRegen 1.03/turn    (no ring)
MPRegen 0.12/turn

%: no passive effects
@: brilliant, very slightly contaminated, very quick
A: very small, no large weapons, unfitting armour, see invisible, speed 3
a: no special abilities


You were in an ossuary.
You visited 1 branch of the dungeon, and saw 4 of its levels.
You also visited: Ossuary.

You collected 121 gold pieces.

Inventory:

Hand Weapons
 c - a +0 dagger
 h - a +4 short sword (weapon)
Missiles
 b - 2 boomerangs (quivered)
 e - 4 datura-tipped darts
 m - a throwing net
Armour
 a - a +1 robe (worn)
Jewellery
 d - an amulet of regeneration (around neck)
 f - an amulet of reflection
Scrolls
 k - a scroll of torment
 l - a scroll of fog
 n - a scroll of amnesia


   Skills:
 * Level 0.6 Fighting
 * Level 0.9 Short Blades
 * Level 0.1 Throwing
 * Level 0.4 Armour
 * Level 3.3 Dodging
 * Level 3.6 Stealth
 * Level 3.3 Spellcasting
 * Level 1.0 Conjurations
 * Level 0.6 Translocations
 * Level 0.3 Air Magic
 * Level 4.0 Alchemy


You had one spell level left.
You knew the following spells:

 Your Spells              Type           Power      Damage    Failure   Level
a - Sting                 Conj/Alch      52%        1d6       8%          1
b - Mercury Vapours       Alch/Air       22%        N/A       14%         2
c - Blink                 Tloc           10%        N/A       26%         2
d - Mephitic Cloud        Conj/Alch/Air  10%        N/A       32%         3

Your spell library contained the following spells:

 Spells                   Type           Power      Damage    Failure   Level
 Momentum Strike          Conj/Tloc      12%        3d8       24%         2
 Lesser Beckoning         Tloc           10%        N/A       26%         2
 Olgreb's Toxic Radiance  Alch           18%        N/A       38%         4
 Inner Flame              Hex/Fire       3%         N/A       54%         3
 Sticky Flame             Fire/Alch      11%        2d5       67%         4
 Flame Wave               Conj/Fire      5%         2d5       87%         4


Dungeon Overview and Level Annotations

Branches:
Dungeon (4/15)            Ossuary (1/1)
 Temple: D:4-7

Altars:


Innate Abilities, Weirdness & Mutations

You are very small and have problems with some larger weapons.
You are too small for most types of armour.
You have supernaturally acute eyesight. (SInv)
You cover ground extremely quickly. (Speed+++)


Message History

You hit the crocodile zombie.
The crocodile zombie is heavily damaged.
The crocodile zombie barely misses you. The gnoll zombie closely misses you.
The burial acolyte barely misses you.
You hit the crocodile zombie.
The crocodile zombie is heavily damaged.
The orc zombie hits you but does no damage.
The crocodile zombie bites you.
The burial acolyte completely misses you.
The gnoll zombie barely misses you.
You barely miss the crocodile zombie.
The crocodile zombie is heavily damaged.
You feel ready to blink again.
The orc zombie hits you but does no damage.
The burial acolyte hits you with a +0 dagger.
You hit the crocodile zombie.
The crocodile zombie is heavily damaged.
The gnoll zombie misses you.
The crocodile zombie closely misses you.
You hit the crocodile zombie.
The crocodile zombie is severely damaged.
The burial acolyte utters a dark prayer and points at you.
Your life force is offered up.
Ouch! That really hurt!
The crocodile zombie is healed.
The orc zombie misses you.
The gnoll zombie hits you but does no damage.
The crocodile zombie closely misses you.
You feel much better. The burial acolyte closely misses you.
The orc zombie barely misses you. The gnoll zombie closely misses you.
The crocodile zombie bites you!
It was a potion of degeneration.
There was something very wrong with that liquid.
You feel weakened.
You feel dopey.
You feel clumsy.
The burial acolyte hits you with a +0 dagger.
The orc zombie closely misses you.
It was a potion of brilliance.
You feel clever all of a sudden.
The burial acolyte hits you with a +0 dagger.
The gnoll zombie completely misses you. The crocodile zombie bites you!
You die...

### #########
#?!!!#...#..∩#
+?!)?#.∩.'...#
#!!!!#...#...#
### #####...#
#...# ##'##
#ZZ.# #@p.#
#.Z.# #...#
#+###


You could see a burial acolyte, a crocodile zombie, a gnoll zombie and an orc
zombie.

Vanquished Creatures
  Natasha (D:2)
  An adder (D:3)
  3 dart slugs
  3 ribbon worms
  2 orcs
  6 endoplasms
  A giant cockroach (D:3)
  6 goblins
  3 hobgoblins
  3 kobolds
  A quokka (D:2)
  2 ball pythons
  4 bats
  2 frilled lizards
  A jackal zombie (Ossuary)
  An orc zombie (Ossuary)
  5 rats
45 creatures vanquished.

Notes
Turn   | Place    | Note
-------+----------+-------------------------------------------
     0 | D:1      | Aviaq the Spriggan Alchemist began the quest for the Orb.
     0 | D:1      | Reached XP level 1. HP: 9/9 MP: 5/5
   225 | D:1      | Reached XP level 2. HP: 13/13 MP: 2/6
   257 | D:1      | Learned a level 2 spell: Mercury Vapours
   372 | D:2      | You fall into a shaft and drop 1 floor!
   425 | D:3      | Learned a level 2 spell: Blink
   521 | D:3      | Reached XP level 3. HP: 17/17 MP: 6/8
   606 | D:3      | Learned a level 3 spell: Mephitic Cloud
  1252 | D:2      | Reached skill level 1 in Conjurations
  1252 | D:2      | Reached skill level 4 in Alchemy
  1341 | D:2      | Noticed Natasha
  1355 | D:2      | Killed Natasha
  1356 | D:2      | Reached XP level 4. HP: 21/21 MP: 4/9
  1482 | D:4      | Found a sand-covered staircase.
  1488 | Ossuary  | Entered an ossuary
  1524 | Ossuary  | Slain by a crocodile zombie

Illustrated notes

Levels and vault maps discovered:
D:1:      zaba_arrival_water, layout_rooms, serial_shops, shop
D:2:      layout_rooms, wander_ebering_terrifying_dragon_lair, uniq_natasha
D:3:      layout_loops_ring
D:4:      layout_gridville, lightli_ossuary_entry_decrepit_ruins
Ossuary:  ossuary_tomb_2

Skill      XL: |  1  2  3 |
---------------+----------+-----
Spellcasting   | 3 |  3.3
Dodging        | 3 |  3.3
Conjurations   | 1 |  1.0
Alchemy        | 4 |  4.0
Fighting       | |  0.6
Short Blades   | |  0.9
Throwing       | |  0.1
Armour         | |  0.4
Stealth        | |  3.6
Translocations | |  0.6
Air Magic      | |  0.3

Action                     |  1- 3 |  4- 6 || total
---------------------------+-------+-------++-------
  Melee: Dagger            |     6 |       ||     6
         Short sword       |    61 |    24 ||    85
         Punch             |       |     1 ||     1
  Throw: Boomerang         |    10 |       ||    10
   Cast: Sting             |    25 |       ||    25
         Mercury Vapours   |     9 |       ||     9
         Mephitic Cloud    |     4 |     1 ||     5
         Blink             |     1 |     2 ||     3
    Use: Scroll            |     6 |       ||     6
         Potion            |     1 |     4 ||     5
   Stab: Sleeping          |     7 |       ||     7
         Confused          |     1 |       ||     1
 Armour: Robe              |    18 |    19 ||    37
  Dodge: Dodged            |    75 |    38 ||   113
